 Dungeon Crawl Stone Soup version 0.30-a0-719-gcc4359ea44 (webtiles) character file.

Game seed: 15171615706206575074

18 kae the Ruffian (level 2, 0/23 HPs)
             Began as a Draconian Transmuter on Jan 26, 2023.
             Succumbed to Sigmund's poison
             ... on level 1 of the Dungeon.
             The game lasted 00:00:56 (558 turns).

kae the Ruffian (Draconian Transmuter)               Turns: 558, Time: 00:00:57

Health: 0/23       AC:  5    Str: 11 (12) XL:     2   Next: 48%
Magic:  5/5        EV: 11    Int: 12 (13) God:
Gold:   56         SH:  0    Dex:  8 (11) Spells: 4/5 levels left

rFire   . . .      SeeInvis .      - Unarmed
rCold   . . .      Faith    .    (no shield)
rNeg    . . .      Spirit   .    (body armour unavailable)
rPois   .          Reflect  .    (helmet restricted)
rElec   .          Harm     .    (no cloak)
rCorr   .          Rampage  .    k - +0 pair of gloves
Will    .....                    (no boots)
Stlth   +                        (no amulet)
HPRegen 0.23/turn                (no ring)
MPRegen 0.09/turn                (no ring)

@: mighty, brilliant, lethally poisoned (0 -> -2)
A: AC +4, unfitting armour, cold-blooded
a: no special abilities


You were on level 1 of the Dungeon.
You visited 1 branch of the dungeon, and saw 2 of its levels.

You collected 56 gold pieces.


Innate Abilities, Weirdness & Mutations

Your plain brown scales are hard. (AC +4)
You cannot fit into any form of body armour.
You are cold-blooded and may be slowed by cold attacks.


   Skills:
 - Level 1.1 Fighting
 - Level 1.7 Dodging
 + Level 3.2 Unarmed Combat
 + Level 2.2 Spellcasting
 * Level 2.6 Transmutations


You had 4 spell levels left.
You knew the following spells:

 Your Spells              Type           Power      Damage    Failure   Level
a - Beastly Appendage     Tmut           22%        N/A       9%          1

Your spell library contained the following spells:

 Spells                   Type           Power      Damage    Failure   Level
 Wereblood                Tmut           11%        N/A       14%         2
 Spider Form              Tmut/Pois      6%         N/A       43%         3
 Ice Form                 Ice/Tmut       6%         N/A       83%         4

Inventory:

Missiles
 c - 14 stones
Armour
 k - a +0 pair of gloves (worn)
   (You found it on level 1 of the Dungeon)
Jewellery
 F - a ring of protection from fire
   (You found it on level 1 of the Dungeon)
Scrolls
 i - a scroll of teleportation {unknown}
 j - a scroll of fear {unknown}
Potions
 a - a potion of lignification {!q}
 b - 2 potions of heal wounds {unknown}
 d - a potion of attraction {unknown}
 e - a potion of cancellation {unknown}
 h - a potion of haste {unknown}
 l - a potion of brilliance

Dungeon Overview and Level Annotations

Branches:
Dungeon (2/15) Zot: 11443

Altars:

Annotations:
D:2 Sigmund

#......###.#
#......# #.#
#......# #.#
##......# #.#
#.......# #.#
###...†.### #.# #
##......## #.###
#..#....######.#..
#@...............#
#########........#
########........#
#................
#................
#...............[
#........####.#..
#........# #.#..
#........# #.#..


There were no monsters in sight!


Message History

You lost 1 mp, and now have 4/5 mp.
A rat comes into view.
The hobgoblin closely misses you.
You hit the kobold.
You kill the kobold!
The hobgoblin misses you.
You barely miss the hobgoblin. Your kick misses the hobgoblin.
Your headbutt misses the hobgoblin. The hobgoblin hits you.
You hit the hobgoblin.
You kill the hobgoblin! 😕 HP[-1]
You take 1 damage, and now have 22/23 hp.
You hit the endoplasm. You claw the endoplasm.
You kill the endoplasm!
Your transformation is almost over.
You closely miss the rat. You claw the rat. You tail-slap the rat.
You kill the rat! 😎 HP[+1]
Your hp is fully restored (23).
No target in view!
No target in view!
No target in view!
No target in view!
Search for what [? for help]? glove Your horns disappear.
Your talons disappear.
You see here a +0 pair of gloves. 😎 MP[+1]
Your mp is fully restored (5).
k - a +0 pair of gloves You start putting on your armour.
You continue putting on your +0 pair of gloves. x4
You finish putting on your +0 pair of gloves.
You open the door.
There is an open door here.
l - 2 glowing silvery potions Unknown command.
F - a ring of protection from fire Done exploring.
Done exploring.
Done exploring.
(D) Dungeon
Where to? (Enter - D:1 @ (x,y), ? - help)
There is an open door here.
There is a stone staircase leading down here.
You climb downwards.
There is a stone staircase leading up here.
Sigmund the Dreaded comes into view.
He is wielding a +2 scythe of venom and carrying a wand of digging (5).
Sigmund is nearby!
Sigmund is nearby!
Sigmund is nearby!
Sigmund hits you from afar with a +2 scythe of venom!
You are lethally poisoned! 😮 HP[-9]
You take 9 damage, and now have 14/23 hp.
MASSIVE DAMAGE!! (PAUSE)
* * * LOW HITPOINT WARNING * * *
You feel very sick. 😨 HP[-4]
You take 4 damage, and now have 10/23 hp.
* * * LOW HITPOINT WARNING * * *
You feel very sick.
Sigmund zaps a wand.
You hear a grinding noise. 😨 HP[-2]
You take 2 damage, and now have 8/23 hp.
* * * LOW HITPOINT WARNING * * *
You feel sick.
There is a stone staircase leading up here. 😨 HP[-2]
You take 2 damage, and now have 6/23 hp.
* * * LOW HITPOINT WARNING * * *
You feel sick.
You hear a zap.
Some rock shatters into small pieces.
You climb upwards.
* * * LOW HITPOINT WARNING * * *
You feel sick.
There is a stone staircase leading down here.
Unknown command. 😱 HP[-4]
You take 4 damage, and now have 2/23 hp.
Unknown command.
Unknown command.
Unknown command.
It was a potion of degeneration.
There was something very wrong with that liquid.
You feel weakened.
You feel dopey.
You feel clumsy.
* * * LOW HITPOINT WARNING * * *
You feel sick.
Unknown command.
It was a potion of might.
You feel very mighty all of a sudden.
* * * LOW HITPOINT WARNING * * *
You feel sick. 😱 HP[-1]
You take 1 damage, and now have 1/23 hp.
Unknown command.
It was a potion of brilliance.
You feel clever all of a sudden.
You die...

Action                     || total
---------------------------++-------
  Melee: Unarmed           ||    31
         Tailslap          ||     4
         Kick              ||     4
         Punch             ||     1
         Headbutt          ||     2
   Cast: Beastly Appendage ||     6
    Use: Potion            ||     3
 Armour: Skin              ||    15
  Dodge: Dodged            ||    21

Levels and vault maps discovered:
D:1:      wander_arrival_lonely_grave, layout_basic
D:2:      layout_rooms, basic_ecumenical_altar,
          amcnicky_mini_rare_corridor_liquid, uniq_sigmund,
          uniq_crazy_yiuf_cottage

Notes
Turn   | Place    | Note
-------+----------+-------------------------------------------
     0 | D:1      | kae the Draconian Transmuter began the quest for the Orb.
     0 | D:1      | Reached XP level 1. HP: 16/16 MP: 3/3
     0 | D:1      | magus.rc [v1.11.3]
   230 | D:1      | Reached XP level 2. HP: 22/23 MP: 3/5
   548 | D:2      | Noticed Sigmund
   554 | D:2      | HP: 4/23 [poisoned by Sigmund]
   557 | D:1      | HP: 1/23 [poisoned by Sigmund]
   558 | D:1      | Succumbed to Sigmund's poison

Vanquished Creatures
  2 dart slugs (D:1)
  A ball python (D:1)
  An endoplasm (D:1)
  A giant cockroach (D:1)
  A hobgoblin (D:1)
  A quokka (D:1)
  2 bats (D:1)
  A frilled lizard (D:1)
  2 kobolds (D:1)
  3 rats (D:1)
15 creatures vanquished.

Table legend:
 A = Non-vault XP
 B = Vault XP
 C = Vault XP percentage of total XP
 D = Non-vault monster count
 E = Vault monster count
 F = Vault count percentage of total count
                 A         B        C        D         E       F
            +---------+---------+-------+---------+---------+-------
      Total |      26 |       0 |   0.0 |      15 |       0 |   0.0
            +---------+---------+-------+---------+---------+-------
        D:1 |      26 |       0 |   0.0 |      15 |       0 |   0.0
            +---------+---------+-------+---------+---------+-------

Illustrated notes

Table legend:
 A = Kills in this place as a percentage of kills in entire the game.
 B = Kills by you in this place as a percentage of kills by you in the entire game.
 C = Kills by friends in this place as a percentage of kills by friends in the entire game.
 D = Other kills in this place as a percentage of other kills in the entire game.
 E = Experience gained in this place as a percentage of experience gained in the entire game.
 F = Experience gained in this place divided by the number of levels of this place that you have seen.
                   A       B       C       D       E      F
               +-------+-------+-------+-------+-------+----------------------
         Total | 100.0 | 100.0 |   N/A |   N/A | 100.0 |  13.0
       Dungeon | 100.0 | 100.0 |   N/A |   N/A | 100.0 |  13.0
               +-------+-------+-------+-------+-------+----------------------

Table legend: (Time is in decaauts)
 A = Elapsed time spent in this place.
 B = Non-inter-level travel time spent in this place.
 C = Inter-level travel time spent in this place.
 D = Time resting spent in this place.
 E = Time spent auto-exploring this place.
 F = Levels seen in this place.
 G = Mean time per level.
                   A        B        C        D        E       F      G
               +--------+--------+--------+--------+--------+-----+--------+
         Total |    556 |    507 |     49 |      0 |    390 |   2 |  278.0 |
       Dungeon |    556 |    507 |     49 |      0 |    390 |   2 |  278.0 |
               +--------+--------+--------+--------+--------+-----+--------+

Top non-repeatable levels by time:
     D:1: 548 daAuts
     D:2: 7 daAuts
